3A
CONNETQUOT CHIEFS @ MYRTLE BEACH SEAHAWKS
07/13/2028
 
TOP OF THE 1ST
Connetquot Chiefs batting - Pitching for Myrtle Beach Seahawks : LHP Garrett Schaper
Pitching: LHP Garrett Schaper
Batting: RHB Felipe Córdova 0-0: Called Strike
0-1: Ground out 4-3 (Groundball, 4)
Batting: RHB Louie Trimboli 0-0: Fly out, F8 (Line Drive, 8LD)
Batting: RHB Creed Bratton 0-0: Ball
1-0: Foul Ball, location: 2F
1-1: Foul Ball, location: 2F
1-2: Ball
2-2: Ball
3-2: Strikes out swinging
Top of the 1st over - 0 run(s), 0 hit(s), 0 error(s), 0 left on base; Connetquot 0 - Myrtle Beach 0
BOTTOM OF THE 1ST
Myrtle Beach Seahawks batting - Pitching for Connetquot Chiefs : RHP Alan McKinney
Pitching: RHP Alan McKinney
Batting: RHB Tucker Kinney 0-0: Ball
1-0: Called Strike
1-1: Fly out, F5 (Line Drive, 56)
Batting: RHB Juan Mata 0-0: Swinging Strike
0-1: Ball
1-1: Ball
2-1: Ball
3-1: Swinging Strike
3-2: Base on Balls
Batting: RHB Aquiles Morda 0-0: Ball
1-0: 2-RUN HOME RUN (Flyball, 7D), Distance : 429 ft
Batting: RHB Francisco Moreno 0-0: Ball
1-0: Ground out 5-3 (Groundball, 56)
Batting: LHB Peter Ough 0-0: Called Strike
0-1: Swinging Strike
0-2: Ball
1-2: Strikes out swinging, 2-3 out at first.
Bottom of the 1st over - 2 run(s), 1 hit(s), 0 error(s), 0 left on base; Connetquot 0 - Myrtle Beach 2
TOP OF THE 2ND
Connetquot Chiefs batting - Pitching for Myrtle Beach Seahawks : LHP Garrett Schaper
Batting: RHB Peter Geib 0-0: Called Strike
0-1: Ground out 6-3 (Groundball, 6)
Batting: RHB Dan Chrzan 0-0: Ball
1-0: SINGLE (Flyball, 8LS)
Batting: RHB Jesús Jaramillo 0-0: Called Strike
0-1: Ground out 5-3 (Groundball, 56S)
Dan Chrzan to second
Batting: RHB Steve Orwig 0-0: Called Strike
0-1: Ball
1-1: Called Strike
1-2: Foul Ball, location: 2F
1-2: Strikes out swinging
Top of the 2nd over - 0 run(s), 1 hit(s), 0 error(s), 1 left on base; Connetquot 0 - Myrtle Beach 2
BOTTOM OF THE 2ND
Myrtle Beach Seahawks batting - Pitching for Connetquot Chiefs : RHP Alan McKinney
Batting: RHB Doug Allerdale 0-0: Called Strike
0-1: Called Strike
0-2: Ball
1-2: Foul Ball, location: 2F
1-2: Ball
2-2: Foul Ball, location: 2F
2-2: Foul Ball, location: 2F
2-2: Foul Ball, location: 2F
2-2: Ball
3-2: Strikes out looking
Batting: LHB Joo-young Yo 0-0: Called Strike
0-1: Ball
1-1: Ball
2-1: Ball
3-1: Called Strike
3-2: Base on Balls
Batting: RHB Andy Llewellyn 0-0: Called Strike
0-1: Ball
1-1: Foul Ball, location: 2F
1-2: Ball
2-2: Ball
3-2: Base on Balls
Joo-young Yo to second
Batting: RHB Howard Lee 0-0: Foul Ball, location: 2F
0-1: Ball
1-1: Swinging Strike
1-2: Strikes out swinging
Batting: RHB Tucker Kinney 0-0: Ball
1-0: Foul Ball, location: 2F
1-1: SINGLE (Groundball, 6MD)
Joo-young Yo to third
Andy Llewellyn to second
Runner from 3rd tries for Home, SAFE, no throw
Batting: RHB Juan Mata 0-0: Fielders Choice at 2nd, 6-4 (Groundball, 6)
Bottom of the 2nd over - 1 run(s), 1 hit(s), 0 error(s), 1 left on base; Connetquot 0 - Myrtle Beach 3
TOP OF THE 3RD
Connetquot Chiefs batting - Pitching for Myrtle Beach Seahawks : LHP Garrett Schaper
Batting: LHB Travis Grigor 0-0: Swinging Strike
0-1: Called Strike
0-2: Strikes out swinging
Batting: RHB Cristián Ramírez 0-0: Called Strike
0-1: Ball
1-1: Ball
2-1: DOUBLE (Flyball, 9D)
Batting: RHB Felipe Córdova 0-0: Swinging Strike
0-1: Swinging Strike
0-2: Ball
1-2: Ball
2-2: DOUBLE (Flyball, 89D)
Cristián Ramírez scores
Batting: RHB Louie Trimboli 0-0: Called Strike
0-1: Ground out 4-3 (Groundball, 4D)
Felipe Córdova to third
Batting: RHB Creed Bratton 0-0: Foul Ball, location: 2F
0-1: SINGLE (Flyball, 9LS)
Felipe Córdova scores
Batting: RHB Peter Geib 0-0: Ball
1-0: Fly out, F9 (Flyball, 9S)
Top of the 3rd over - 2 run(s), 3 hit(s), 0 error(s), 1 left on base; Connetquot 2 - Myrtle Beach 3
BOTTOM OF THE 3RD
Myrtle Beach Seahawks batting - Pitching for Connetquot Chiefs : RHP Alan McKinney
Batting: RHB Aquiles Morda 0-0: DOUBLE (Line Drive, 8LXD)
Batting: RHB Francisco Moreno 0-0: Ground out 5-3 (Groundball, 56)
Batting: LHB Peter Ough 0-0: Ball
Passed Ball!
Aquiles Morda to third
1-0: Ground out 4-3 (Groundball, 4)
Aquiles Morda scores
Batting: RHB Doug Allerdale 0-0: Ball
1-0: Ball
2-0: SINGLE (Groundball, 56D)
Batting: LHB Joo-young Yo 0-0: Called Strike
0-1: Ball
1-1: Ball
2-1: Ball
3-1: Ground out 6-3 (Groundball, 6MD)
Bottom of the 3rd over - 1 run(s), 2 hit(s), 0 error(s), 1 left on base; Connetquot 2 - Myrtle Beach 4
TOP OF THE 4TH
Connetquot Chiefs batting - Pitching for Myrtle Beach Seahawks : LHP Garrett Schaper
Batting: RHB Dan Chrzan 0-0: Ball
1-0: SINGLE (Groundball, 56S) (infield hit)
Batting: RHB Jesús Jaramillo 0-0: Ball
1-0: Foul Ball, location: 2F
1-1: Fielders Choice at 2nd, 4-6 (Groundball, 4)
Batting: RHB Steve Orwig 0-0: Ball
1-0: Called Strike
1-1: Ball
2-1: Fly out, F7 (Line Drive, 78M)
Batting: LHB Travis Grigor 0-0: Called Strike
0-1: Fielders Choice at 2nd, 4-6 (Groundball, 4)
Top of the 4th over - 0 run(s), 1 hit(s), 0 error(s), 0 left on base; Connetquot 2 - Myrtle Beach 4
BOTTOM OF THE 4TH
Myrtle Beach Seahawks batting - Pitching for Connetquot Chiefs : RHP Alan McKinney
Batting: RHB Andy Llewellyn 0-0: Ball
1-0: Ball
2-0: SINGLE (Flyball, 9S)
Batting: RHB Howard Lee 0-0: Ball
1-0: Ball
2-0: Called Strike
2-1: Ball
3-1: Base on Balls
Andy Llewellyn to second
Batting: RHB Tucker Kinney 0-0: Called Strike
0-1: Ball
1-1: SINGLE (Flyball, 8RM)
Andy Llewellyn to third
Howard Lee to second
Batting: RHB Juan Mata 0-0: Swinging Strike
0-1: Foul Ball, location: 2F
0-2: Ball
1-2: Fielders Choice at 2nd, 6-4 (Groundball, 56)
Andy Llewellyn scores
Howard Lee to third
Batting: RHB Aquiles Morda 0-0: Ball
1-0: Ball
2-0: Foul Ball, location: 2F
2-1: Foul Ball, location: 2F
2-2: Ball
3-2: SINGLE (Line Drive, 6MD)
Howard Lee scores
Juan Mata to second
Runner from 2nd tries for 3rd, OUT!
Aquiles Morda to second
Batting: RHB Francisco Moreno 0-0: Foul Ball, location: 2F
0-1: Swinging Strike
0-2: Ball
1-2: Ball
2-2: Ground out 4-3 (Groundball, 4)
Bottom of the 4th over - 2 run(s), 3 hit(s), 0 error(s), 1 left on base; Connetquot 2 - Myrtle Beach 6
TOP OF THE 5TH
Connetquot Chiefs batting - Pitching for Myrtle Beach Seahawks : LHP Garrett Schaper
Batting: RHB Cristián Ramírez 0-0: Swinging Strike
0-1: Ball
1-1: Called Strike
1-2: Ball
2-2: Foul Ball, location: 2F
2-2: Fly out, F8 (Flyball, 8RD)
Batting: RHB Felipe Córdova 0-0: Ball
1-0: Called Strike
1-1: Ball
2-1: Fly out, F9 (Flyball, 89M)
Batting: RHB Louie Trimboli 0-0: Called Strike
0-1: Ball
1-1: Ball
2-1: Foul Ball, location: 2F
2-2: Strikes out swinging
Top of the 5th over - 0 run(s), 0 hit(s), 0 error(s), 0 left on base; Connetquot 2 - Myrtle Beach 6
BOTTOM OF THE 5TH
Myrtle Beach Seahawks batting - Pitching for Connetquot Chiefs : RHP Alan McKinney
Pitching: RHP Miguel Ramírez
Batting: LHB Peter Ough 0-0: Swinging Strike
0-1: Ball
1-1: Ball
2-1: Foul Ball, location: 2F
2-2: Fly out, F6 (Line Drive, 6)
Batting: RHB Doug Allerdale 0-0: Swinging Strike
0-1: Ball
1-1: Foul Ball, location: 2F
1-2: Strikes out swinging, 2-3 out at first.
Batting: LHB Joo-young Yo 0-0: Ball
1-0: Called Strike
1-1: Foul Ball, location: 2F
1-2: Foul Ball, location: 2F
1-2: Ball
2-2: Ground out 3-1 (Groundball, 34)
Bottom of the 5th over - 0 run(s), 0 hit(s), 0 error(s), 0 left on base; Connetquot 2 - Myrtle Beach 6
TOP OF THE 6TH
Connetquot Chiefs batting - Pitching for Myrtle Beach Seahawks : LHP Garrett Schaper
Batting: RHB Creed Bratton 0-0: Ball
1-0: Ball
2-0: Foul Ball, location: 2F
2-1: Fly out, F2 (Popup, 56S)
Batting: RHB Peter Geib 0-0: Ball
1-0: Ball
2-0: Ground out 4-3 (Groundball, 4)
Batting: RHB Dan Chrzan 0-0: Swinging Strike
0-1: Ball
1-1: Foul Ball, location: 2F
1-2: Ball
2-2: Strikes out swinging
Top of the 6th over - 0 run(s), 0 hit(s), 0 error(s), 0 left on base; Connetquot 2 - Myrtle Beach 6
BOTTOM OF THE 6TH
Myrtle Beach Seahawks batting - Pitching for Connetquot Chiefs : RHP Miguel Ramírez
Batting: RHB Andy Llewellyn 0-0: Called Strike
0-1: Swinging Strike
0-2: Strikes out swinging
Batting: RHB Howard Lee 0-0: Ball
1-0: Ball
2-0: Ball
3-0: Base on Balls
Batting: RHB Tucker Kinney 0-0: Called Strike
0-1: Called Strike
0-2: Ball
1-2: Ball
2-2: Ball
3-2: Strikes out looking
Batting: RHB Juan Mata 0-0: Foul Ball, location: 2F
0-1: Ball
1-1: Ball
2-1: Ball
3-1: Foul Ball, location: 2F
3-2: SINGLE (Line Drive, 8LS)
Howard Lee to second
Howard Lee to third
Batting: RHB Aquiles Morda 0-0: Foul Ball, location: 2F
0-1: Ball
1-1: Ball
2-1: SINGLE (Line Drive, 4)
Howard Lee scores
Juan Mata to second
Runner from 2nd tries for 3rd, SAFE, throw made to third
Batting: RHB Francisco Moreno 0-0: Called Strike
0-1: Foul Ball, location: 2F
0-2: Foul Ball, location: 2F
0-2: Ball
1-2: Strikes out swinging
Bottom of the 6th over - 1 run(s), 2 hit(s), 0 error(s), 2 left on base; Connetquot 2 - Myrtle Beach 7
TOP OF THE 7TH
Connetquot Chiefs batting - Pitching for Myrtle Beach Seahawks : LHP Garrett Schaper
Batting: RHB Jesús Jaramillo 0-0: SINGLE (Groundball, 6MD)
Batting: RHB Steve Orwig 0-0: Called Strike
Jesús Jaramillo steals 2nd base
0-1: Ball
1-1: Swinging Strike
1-2: Foul Ball, location: 2F
1-2: Fly out, F8 (Line Drive, 8LD)
Runner from 2nd tags up, SAFE at 3rd, no throw
Batting: LHB Travis Grigor 0-0: Ball
1-0: Called Strike
1-1: Swinging Strike
1-2: Ball
2-2: Foul Ball, location: 2F
2-2: Strikes out swinging
Pitching: RHP Kick Bloemheuvel
Batting: RHB Cristián Ramírez 0-0: Ball
1-0: Called Strike
1-1: Called Strike
1-2: Strikes out swinging
Top of the 7th over - 0 run(s), 1 hit(s), 0 error(s), 1 left on base; Connetquot 2 - Myrtle Beach 7
BOTTOM OF THE 7TH
Myrtle Beach Seahawks batting - Pitching for Connetquot Chiefs : RHP Miguel Ramírez
Batting: LHB Peter Ough 0-0: Ball
1-0: Foul Ball, location: 2F
1-1: Ball
2-1: Ball
3-1: Ground out 4-3 (Groundball, 4)
Batting: RHB Doug Allerdale 0-0: Ball
1-0: Swinging Strike
1-1: Ball
2-1: Swinging Strike
2-2: Ball
3-2: Foul Ball, location: 2F
3-2: Fly out, F9 (Flyball, 9)
Pitching: RHP Carlos Bernard
Batting: LHB Joo-young Yo 0-0: Foul Ball, location: 2F
0-1: Ball
1-1: Ball
2-1: Ball
3-1: SINGLE (Line Drive, 6D)
Batting: RHB Andy Llewellyn 0-0: Ball
1-0: Fielders Choice at 2nd, 4-6 (Groundball, 4)
Bottom of the 7th over - 0 run(s), 1 hit(s), 0 error(s), 0 left on base; Connetquot 2 - Myrtle Beach 7
TOP OF THE 8TH
Connetquot Chiefs batting - Pitching for Myrtle Beach Seahawks : RHP Kick Bloemheuvel
Batting: RHB Felipe Córdova 0-0: Ball
1-0: Ball
2-0: Ball
3-0: Called Strike
3-1: Base on Balls
Batting: RHB Louie Trimboli 0-0: Ball
1-0: Foul Ball, location: 2F
1-1: Fielders Choice at 2nd, 5-4 (Groundball, 5L)
Batting: RHB Creed Bratton 0-0: Fly out, F7 (Flyball, 78M)
Batting: RHB Peter Geib 0-0: Called Strike
0-1: Called Strike
0-2: Strikes out looking
Top of the 8th over - 0 run(s), 0 hit(s), 0 error(s), 1 left on base; Connetquot 2 - Myrtle Beach 7
BOTTOM OF THE 8TH
Myrtle Beach Seahawks batting - Pitching for Connetquot Chiefs : RHP Carlos Bernard
Batting: RHB Howard Lee 0-0: DOUBLE (Line Drive, 9LM)
Batting: RHB Tucker Kinney 0-0: Ball
1-0: Ball
2-0: Ball
3-0: Called Strike
3-1: Base on Balls
Batting: RHB Juan Mata 0-0: Bunted foul
0-1: Sac Bunt - play at first, batter OUT! 1-4
Howard Lee to third
Tucker Kinney to second
Batting: RHB Aquiles Morda 0-0: Ball
1-0: Called Strike
1-1: Ball
2-1: SINGLE (Flyball, 7S)
Howard Lee scores
Tucker Kinney to third
Runner from 3rd tries for Home, SAFE, no throw
Batting: RHB Francisco Moreno 0-0: Foul Ball, location: 2F
0-1: Swinging Strike
0-2: Strikes out looking
Batting: LHB Peter Ough 0-0: Swinging Strike
0-1: Foul Ball, location: 2F
0-2: Ball
1-2: Ball
2-2: Foul Ball, location: 2F
2-2: Strikes out looking
Bottom of the 8th over - 2 run(s), 2 hit(s), 0 error(s), 1 left on base; Connetquot 2 - Myrtle Beach 9
TOP OF THE 9TH
Connetquot Chiefs batting - Pitching for Myrtle Beach Seahawks : RHP Kick Bloemheuvel
Batting: RHB Dan Chrzan 0-0: Ball
1-0: Called Strike
1-1: Swinging Strike
1-2: Ball
2-2: Fly out, F7 (Flyball, 7LS)
Batting: RHB Jesús Jaramillo 0-0: Foul Ball, location: 2F
0-1: Ball
1-1: Foul Ball, location: 2F
1-2: Fly out, F3 (Popup, 3D)
Batting: RHB Steve Orwig 0-0: Ball
1-0: Swinging Strike
1-1: Ball
2-1: Foul Ball, location: 2F
2-2: Strikes out looking
Top of the 9th over - 0 run(s), 0 hit(s), 0 error(s), 0 left on base; Connetquot 2 - Myrtle Beach 9
Tuesday, August 15th, 2017 - OOTP Baseball 17.12 Build 75